 Dungeon Sprint DCSS version 0.27.1-34-g3ba077fa99 (webtiles) character file.

Game seed: 15275945633999112240

10300000 Groucho the Intangible (level 27, -6/174 HPs)
             Began as a Spriggan Abyssal Knight on Jan 9, 2022.
             Was the Champion of Makhleb.
             Killed by divine providence
             ... invoked by an accursed
              (13 damage)
             ... in the Dungeon (Sprint VIII: "Arena of Blood").
             The game lasted 00:05:11 (103 turns).

Groucho the Intangible (Spriggan Abyssal Knight)     Turns: 103, Time: 00:05:12

Health: -6/174     AC:  4    Str:  8    XL:     27
Magic:  43/55      EV: 49    Int: 16    God:    Makhleb [******]
Gold:   0          SH:  0    Dex: 25    Spells: 80/80 levels left

rFire    . . .     SeeInvis +   i - +โˆž Axe of Woe
rCold    . . .     Faith    .   (shield currently unavailable)
rNeg     . . .     Spirit   .   b - +0 robe
rPois    .         Reflect  .   (helmet restricted)
rElec    .         Harm     .   (no cloak)
rCorr    .         Rampage  .   (gloves unavailable)
Will     ++++.     NoTele   +   (boots unavailable)
Stlth    ++++++++++             (no amulet)
HPRegen  0.39/turn              (no ring)
MPRegen  0.34/turn              (no ring)

@: very quick
A: very small, no large weapons, unfitting armour, see invisible, speed 3
a: Renounce Religion, Minor Destruction, Lesser Servant of Makhleb, Major
Destruction, Greater Servant of Makhleb


You were in the Dungeon.
You worshipped Makhleb.
Makhleb was exalted by your worship.
You visited 1 branch

Inventory:

Hand Weapons
 a - a +1 hand axe
 i - the +โˆž Axe of Woe (weapon)
   (You found it in the Dungeon)
Armour
 b - a +0 robe (worn)
Jewellery
 j - a +200 ring of slaying
 k - a +200 ring of slaying
 l - a +250 ring of slaying
 m - a +250 ring of slaying
Scrolls
 h - a scroll of blinking
Potions
 c - a potion of curing
 d - a potion of heal wounds
 e - a potion of haste
 f - 2 potions of magic
 g - a potion of berserk rage


   Skills:
 O Level 27 Fighting
 O Level 27 Short Blades
 O Level 27 Long Blades
 O Level 27 Axes
 O Level 27 Maces & Flails
 O Level 27 Polearms
 O Level 27 Staves
 O Level 27 Slings
 O Level 27 Bows
 O Level 27 Crossbows
 O Level 27 Throwing
 O Level 27 Armour
 O Level 27 Dodging
 O Level 27 Stealth
 O Level 27 Shields
 O Level 27 Unarmed Combat
 O Level 27 Spellcasting
 O Level 27 Conjurations
 O Level 27 Hexes
 O Level 27 Summonings
 O Level 27 Necromancy
 O Level 27 Translocations
 O Level 27 Transmutations
 O Level 27 Fire Magic
 O Level 27 Ice Magic
 O Level 27 Air Magic
 O Level 27 Earth Magic
 O Level 27 Poison Magic
 O Level 27 Invocations
 O Level 27 Evocations


You had 80 spell levels left.
You didn't know any spells.
Your spell library was empty.

Dungeon Overview and Level Annotations

Branches:
Dungeon (1/1)

Altars:
Makhleb

Annotations:
D The Defiler


Innate Abilities, Weirdness & Mutations

You are very small and have problems with some larger weapons.
You are too small for most types of armour.
You have supernaturally acute eyesight. (SInv)
You cover ground extremely quickly. (Speed+++)


Message History

Unknown command.
Unknown command.
You slice the observer!!
You butcher the observer messily.
You kill the observer!
Makhleb accepts your kill.
You feel better.
You slash the meat berserker!
You fatally mangle the meat berserker.
You kill the meat berserker!
Makhleb accepts your kill.
You feel better.
You hear a shout! x3
The meat berserker rages.
You hear a shout! x2
A bag of meat comes into view. It is wielding a +9 war axe.
You hear a shout! x2
The observer gazes at you.
The fireball explodes!
The fireball engulfs you!!!
You hear a shout!
The accursed points at you and mumbles some strange words.
Something smites you!
You hear a shout!
Unknown command.
Unknown command.
Okay, then.
You feel yourself speed up.
A meat beast comes into view.
You hear a shout! x2
A bag of meat comes into view. It is wielding a +9 war axe.
The Defiler throws fire at you.
The fireball explodes!
The fireball engulfs you!!!!
Ouch! That really hurt!
* * * LOW HITPOINT WARNING * * *
You hear a shout! x2
The meat berserker completely misses you.
You hear a shout!
The destroyer blinks!
You hear a shout!
The accursed gestures at you while chanting.
Something smites you!
You die...

.o.........
........W
#.......# .. #.O.
...# . .o@###.o.
...###..
.....V..###.......
#.o.O.))G_)......o
#))O.M# #_@<)_#
#)O)).#
#.....)OO_......
.......o###......
..o###.O. ...###..
.. #Vo. ...# O
#.......#
o2o...... ยง......


You could see an accursed, a meat beast (fast), 2 destroyers, an observer (fast,
invisible), 2 large bags of meat, The Defiler, 4 meat berserkers and 7 bags of
meat.

Vanquished Creatures
  4 hell beasts (D)
  5 royal mummies (D)
  A great orb of eyes (D)
  3 wraiths (D)
  4 vampire knights (D)
  32 ogres (D)
  A two-headed ogre (D)
  3 liches (D)
  2 hydras (D)
  50 orcs (D)
  4 phantoms (D)
  2 skeletal warriors (D)
111 creatures vanquished.

Notes
Turn   | Place    | Note
-------+----------+-------------------------------------------
     0 | D        | Found the +โˆž Axe of Woe
     0 | D        | Groucho the Spriggan Abyssal Knight began the quest for the
                  | Orb.
     0 | D        | Reached XP level 1. HP: 11/11 MP: 3/3
     4 | D        | Fell from the grace of Lugonu
     4 | D        | Became a worshipper of Makhleb the Destroyer
     4 | D        | Noticed a bag of meat
     5 | D        | Noticed a meat berserker
     6 | D        | Noticed a meat berserker
     7 | D        | Killed a meat berserker
     7 | D        | Noticed a meat berserker
     7 | D        | Noticed a bag of meat
     7 | D        | Noticed a meat berserker
     7 | D        | Noticed a bag of meat
     8 | D        | Reached skill level 27 in Dodging
     8 | D        | Reached XP level 2. HP: 16/16 MP: 4/4
     8 | D        | Reached XP level 3. HP: 19/19 MP: 5/5
     8 | D        | Reached XP level 4. HP: 23/23 MP: 6/6
     8 | D        | Reached XP level 5. HP: 27/27 MP: 7/7
     8 | D        | Reached XP level 6. HP: 32/32 MP: 8/8
     8 | D        | Reached XP level 7. HP: 35/35 MP: 9/9
     8 | D        | Reached XP level 8. HP: 39/39 MP: 10/10
     8 | D        | Reached XP level 9. HP: 43/43 MP: 11/11
     8 | D        | Reached XP level 10. HP: 47/47 MP: 12/12
     8 | D        | Reached XP level 11. HP: 51/51 MP: 13/13
     8 | D        | Reached XP level 12. HP: 56/56 MP: 14/14
     8 | D        | Reached XP level 13. HP: 59/59 MP: 15/15
     8 | D        | Noticed a bag of meat
     8 | D        | Noticed a bag of meat
     9 | D        | Noticed a meat berserker
    11 | D        | Killed a meat berserker
    11 | D        | Reached * piety under Makhleb
    11 | D        | Noticed a bag of meat
    12 | D        | Reached XP level 14. HP: 82/82 MP: 16/16
    12 | D        | Killed a meat berserker
    12 | D        | Killed a meat berserker
    13 | D        | Reached XP level 15. HP: 99/99 MP: 17/17
    15 | D        | Reached ** piety under Makhleb
    16 | D        | Reached skill level 27 in Axes
    16 | D        | Reached XP level 16. HP: 111/111 MP: 18/18
    16 | D        | Noticed a meat berserker
    16 | D        | Noticed a meat berserker
    17 | D        | Killed a meat berserker
    17 | D        | Reached *** piety under Makhleb
    18 | D        | Reached skill level 27 in Fighting
    18 | D        | Reached XP level 17. HP: 121/121 MP: 19/19
    18 | D        | Noticed a meat berserker
    19 | D        | Reached **** piety under Makhleb
    20 | D        | Reached XP level 18. HP: 127/127 MP: 20/20
    21 | D        | Killed a meat berserker
    22 | D        | Noticed a meat berserker
    23 | D        | Killed a meat berserker
    24 | D        | Reached XP level 19. HP: 132/132 MP: 21/21
    25 | D        | Killed a meat berserker
    25 | D        | Reached ***** piety under Makhleb
    26 | D        | Reached skill level 27 in Unarmed Combat
    26 | D        | Reached XP level 20. HP: 137/137 MP: 22/22
    28 | D        | Reached skill level 27 in Armour
    28 | D        | Killed a meat berserker
    29 | D        | Reached XP level 21. HP: 142/142 MP: 22/50
    30 | D        | Reached skill level 27 in Spellcasting
    31 | D        | Reached ****** piety under Makhleb
    32 | D        | Reached skill level 27 in Invocations
    33 | D        | Reached skill level 27 in Stealth
    34 | D        | Noticed a destroyer
    35 | D        | Reached XP level 22. HP: 148/148 MP: 23/54
    36 | D        | Noticed a destroyer
    40 | D        | Noticed a large bag of meat
    43 | D        | Killed a destroyer
    44 | D        | Reached XP level 23. HP: 153/153 MP: 26/55
    48 | D        | Killed a large bag of meat
    51 | D        | Noticed a destroyer
    51 | D        | Noticed a tyrant
    54 | D        | Noticed an accursed
    54 | D        | Killed a tyrant
    55 | D        | Noticed an accursed
    55 | D        | Killed an accursed
    56 | D        | Reached skill level 27 in Maces & Flails
    56 | D        | Reached skill level 27 in Polearms
    56 | D        | Reached XP level 24. HP: 130/158 MP: 29/55
    56 | D        | Noticed a tyrant
    57 | D        | Noticed an accursed
    57 | D        | Noticed a destroyer
    59 | D        | Reached skill level 27 in Staves
    59 | D        | Reached XP level 25. HP: 145/163 MP: 29/55
    64 | D        | Noticed an accursed
    65 | D        | Killed a destroyer
    66 | D        | Reached skill level 27 in Short Blades
    66 | D        | Reached skill level 27 in Throwing
    66 | D        | Reached XP level 26. HP: 155/169 MP: 31/55
    68 | D        | Reached skill level 27 in Long Blades
    68 | D        | Noticed a meat beast
    68 | D        | Killed a destroyer
    69 | D        | Reached skill level 27 in Slings
    69 | D        | Reached XP level 27. HP: 174/174 MP: 32/55
    69 | D        | Killed a tyrant
    69 | D        | Noticed a dread
    70 | D        | Killed an accursed
    70 | D        | Killed an accursed
    71 | D        | Reached skill level 27 in Bows
    71 | D        | Reached skill level 27 in Crossbows
    72 | D        | Noticed a meat beast
    73 | D        | Reached skill level 27 in Shields
    73 | D        | Reached skill level 15 in Conjurations
    73 | D        | Killed a meat beast
    74 | D        | Reached skill level 27 in Conjurations
    74 | D        | Reached skill level 27 in Hexes
    74 | D        | Reached skill level 5 in Summonings
    74 | D        | Reached skill level 5 in Fire Magic
    74 | D        | Reached skill level 5 in Ice Magic
    75 | D        | Noticed a dread
    76 | D        | Killed a meat beast
    76 | D        | Killed a dread
    77 | D        | Reached skill level 27 in Translocations
    77 | D        | Noticed a dread
    77 | D        | Noticed an accursed
    78 | D        | Noticed a meat beast
    79 | D        | Noticed a meat beast
    82 | D        | Killed an accursed
    83 | D        | Reached skill level 27 in Transmutations
    83 | D        | Reached skill level 27 in Evocations
    84 | D        | Killed a meat beast
    85 | D        | Reached skill level 27 in Necromancy
    85 | D        | Reached skill level 27 in Air Magic
    85 | D        | Reached skill level 27 in Earth Magic
    85 | D        | Reached skill level 27 in Poison Magic
    87 | D        | Reached skill level 27 in Summonings
    87 | D        | Reached skill level 27 in Fire Magic
    87 | D        | Reached skill level 27 in Ice Magic
    87 | D        | Killed a dread
    90 | D        | Killed a dread
    92 | D        | Killed an accursed
    92 | D        | Noticed a large bag of meat
    93 | D        | Noticed a meat beast
    93 | D        | Noticed a destroyer
    94 | D        | Noticed a tyrant
    96 | D        | Killed a destroyer
    96 | D        | Killed a meat beast
    98 | D        | Killed a tyrant
   101 | D        | Noticed a large bag of meat
   101 | D        | Noticed The Defiler
   101 | D        | Noticed a destroyer
   102 | D        | Noticed an accursed
   103 | D        | Noticed a meat beast
   103 | D        | HP: 7/174 [The Defiler/fireball (91)]
   103 | D        | Killed from afar by an accursed

Illustrated notes

Levels and vault maps discovered:
D:        meatsprint

Skill      XL: |  1  2  3  4  5  6  7  8  9 10 11 12 13 14 15 16 17 18 19 20 21 22 23 24 25 26 27 |
---------------+----------------------------------------------------------------------------------+-----
Axes           | 19 22 26 27 | 27.0
Dodging        | 27 | 27.0
Fighting       | 13 20 24 27 | 27.0
Armour         | 12 17 22 25 27 | 27.0
Unarmed Combat | 13 18 23 27 | 27.0
Spellcasting   | 24 27 | 27.0
Invocations    | 21 27 | 27.0
Stealth        | 27 | 27.0
Maces & Flails | 13 21 27 | 27.0
Polearms       | 13 21 27 | 27.0
Staves         | 23 27 | 27.0
Short Blades   | 14 27 | 27.0
Long Blades    | 11 25 27 | 27.0
Throwing       | 13 27 | 27.0
Slings         | 27 | 27.0
Bows           | 18 27 | 27.0
Crossbows      | 16 27 | 27.0
Shields        | 27 | 27.0
Conjurations   | 27 | 27.0
Hexes          | 27 | 27.0
Summonings     | 27 | 27.0
Necromancy     | 27 | 27.0
Translocations | 27 | 27.0
Transmutations | 27 | 27.0
Fire Magic     | 27 | 27.0
Ice Magic      | 27 | 27.0
Air Magic      | 27 | 27.0
Earth Magic    | 27 | 27.0
Poison Magic   | 27 | 27.0
Evocations     | 27 | 27.0

Action                   |  1- 3 |  4- 6 |  7- 9 | 10-12 | 13-15 | 16-18 | 19-21 | 22-24 | 25-27 || total
-------------------------+-------+-------+-------+-------+-------+-------+-------+-------+-------++-------
Melee: Broad axe         |     1 |       |       |       |     3 |     4 |     8 |     9 |    34 ||    59
Dodge: Dodged            |       |       |       |       |       |     1 |       |     2 |     8 ||    11
